 Dungeon Crawl Stone Soup version 0.28.0-1-gb440e238dd (webtiles) character file.

Game seed: 15724891022787176048

766 themarg the Charlatan (level 7, -5/53 HPs)
             Began as a Gnoll Wanderer on Feb 23, 2022.
             Was an Initiate of Gozag.
             Slain by an ice beast (11 damage)
             ... on level 4 of the Dungeon.
             The game lasted 00:15:12 (4538 turns).

themarg the Charlatan (Gnoll Wanderer)              Turns: 4538, Time: 00:15:13

Health: -5/53      AC: 14    Str: 16    XL:     7   Next: 82%
Magic:  11/11      EV:  8    Int:  8    God:    Gozag
Gold:   375        SH:  0    Dex: 12    Spells: 11/11 levels left

rFire   . . .      SeeInvis .   p - +0 trident (freeze)
rCold   . . .      Faith    .   (no shield)
rNeg    . . .      Spirit   .   b - +0 chain mail
rPois   .          Reflect  .   (no helmet)
rElec   .          Harm     .   r - +1 cloak
rCorr   .          Rampage  .   (no gloves)
Will    .....                   e - +0 pair of boots
Stlth   ..........              (no amulet)
HPRegen 0.17/turn               (no ring)
MPRegen 0.12/turn               (no ring)

@: about to teleport
A: fangs 1, strong nose, distributed training
a: Renounce Religion, Potion Petition, Call Merchant, Bribe Branch


You were on level 4 of the Dungeon.
You worshipped Gozag.
Gozag was aware of your devotion.
You visited 1 branch of the dungeon, and saw 5 of its levels.

You collected 419 gold pieces.
You paid 44 gold pieces to Gozag.

Inventory:

Hand Weapons
 a - a +0 short sword
 p - a +0 trident of freezing (weapon)
 u - the +3 dagger of Generosity {speed, rPois rF++ MP+9 Str-2}
   (You found it on level 4 of the Dungeon)

   Attacks with this weapon are significantly faster.
   Str:       It affects your strength (-2).
   rF:        It greatly protects you from fire.
   rPois:     It protects you from poison.
   MP:        It affects your magic capacity (+9).
Missiles
 f - 150 stones
Armour
 b - a +0 chain mail (worn)
 e - a +0 pair of boots (worn)
 r - a +1 cloak (worn)
 y - the +3 leather armour "Emmag" {Drain rElec rC+++ Regen+ SInv}
   (You found it on level 4 of the Dungeon)

   rC:        It renders you almost immune to cold.
   rElec:     It insulates you from electricity.
   SInv:      It lets you see invisible.
   Regen:     It increases your rate of health regeneration.
   Drain:     It drains your maximum health when unequipped.
Wands
 c - a wand of flame (2) (quivered)
 v - a wand of acid (13)
 x - a wand of iceblast (11)
Scrolls
 g - a scroll of immolation
 i - 2 scrolls of teleportation
 l - a scroll of enchant armour
 n - 3 scrolls of fear
 q - a scroll of brand weapon {unknown}
 t - a scroll of torment {unknown}
 w - a scroll of acquirement {unknown}
Potions
 d - a potion of flight
 h - 2 potions of curing
 j - a potion of heal wounds
 k - 2 potions of might
 o - a potion of mutation {unknown}
 s - a potion of brilliance {unknown}


   Skills:
 + Level 3.8 Fighting
 + Level 3.8 Short Blades
 + Level 2.7 Long Blades
 + Level 2.7 Axes
 + Level 2.7 Maces & Flails
 + Level 2.7 Polearms
 + Level 2.7 Staves
 + Level 2.7 Slings
 + Level 2.7 Bows
 + Level 2.7 Crossbows
 + Level 2.7 Throwing
 + Level 7.1 Armour
 + Level 3.8 Dodging
 + Level 3.6 Stealth
 + Level 2.7 Shields
 + Level 2.7 Unarmed Combat
 + Level 2.7 Spellcasting
 + Level 2.2 Conjurations
 + Level 2.2 Hexes
 + Level 2.2 Summonings
 + Level 2.2 Necromancy
 + Level 2.2 Translocations
 + Level 2.2 Transmutations
 + Level 2.2 Fire Magic
 + Level 2.2 Ice Magic
 + Level 2.2 Air Magic
 + Level 2.2 Earth Magic
 + Level 2.2 Poison Magic
 + Level 3.0 Invocations
 + Level 7.1 Evocations


You had 11 spell levels left.
You didn't know any spells.
Your spell library contained the following spells:

 Spells                   Type           Power      Damage    Failure   Level
 Dazzling Flash           Conj/Hex       8%         N/A       99%         3
 Agony                    Necr           4%         N/A       100%        5
 Silence                  Hex/Air        2%         N/A       100%        5


Dungeon Overview and Level Annotations

Branches:
Dungeon (5/15)
 Temple: D:4-7

Altars:
Gozag


Innate Abilities, Weirdness & Mutations

You have very sharp teeth.
Your uncanny sense of smell can sniff out nearby items.
Your experience applies equally to all skills.


Message History

The water moccasin zombie barely misses you.
The ice beast closely misses you.
You barely miss the ice beast.
The ice beast is heavily wounded.
You feel sick. The water moccasin bites you.
The water moccasin zombie bites you.
The water moccasin bites you but does no damage.
The ice beast hits you. The ice beast freezes you!
* * * LOW HITPOINT WARNING * * *
The water moccasin zombie barely misses you.
You feel better. The water moccasin barely misses you.
The water moccasin zombie bites you. The ice beast misses you.
You hit the water moccasin. You freeze the water moccasin.
The water moccasin is lightly wounded.
The water moccasin closely misses you. The water moccasin zombie bites you.
The water moccasin bites you.
* * * LOW HITPOINT WARNING * * *
The ice beast hits you but does no damage.
The water moccasin bites you but does no damage.
The water moccasin zombie bites you but does no damage.
The ice beast hits you but does no damage.
The water moccasin bites you.
* * * LOW HITPOINT WARNING * * *
The water moccasin zombie bites you but does no damage.
You climb upwards.
There is a stone staircase leading down here.
As you read the scroll of teleportation, it crumbles to dust.
You feel strangely unstable.
The ice beast hits you but does no damage.
The water moccasin bites you but does no damage.
Okay, then.
You closely miss the ice beast.
The ice beast is heavily wounded.
The water moccasin bites you.
* * * LOW HITPOINT WARNING * * *
The ice beast hits you.
* * * LOW HITPOINT WARNING * * *
The ice beast freezes you!
You die...
Your body crumbles into a pile of gold.

### ##### #.## #### ###...###
##..#####..####.......##
.....##................###
...###.........#S........# ###
.######.....##..@.......## ###..
..###.#.....##.Y.........####...#
............#.............##...##
............#.................##≈
....###......................##≈≈
....##..................)...##§≈§
.......................##..##§§≈≈
...........................#§≈§≈§
.#.<.##..............#....)#§≈§§§


You could see a water moccasin and an ice beast.

Vanquished Creatures
  Sigmund (D:4)
  A water moccasin (D:3)
  A black bear (D:4)
  A necrophage (D:3)
  An ogre (D:4)
  A scorpion (D:4)
  Ijyb (D:4)
  Terence (D:3)
  3 gnolls (D:4)
  2 adders (D:2)
  4 worms
  2 dart slugs
  3 orcs (D:4)
  3 ball pythons
  5 bats
  5 endoplasms
  2 giant cockroaches
  8 goblins
  10 hobgoblins
  A jackal (D:4)
  7 quokkas
  3 frilled lizards (D:1)
  9 kobolds
  5 rats
80 creatures vanquished.

Vanquished Creatures (others)
  4 toadstools (D:1)
4 creatures vanquished.

Grand Total: 84 creatures vanquished

Notes
Turn   | Place    | Note
-------+----------+-------------------------------------------
     0 | D:1      | themarg the Gnoll Wanderer began the quest for the Orb.
     0 | D:1      | themarg set off with the following items: a +0 short sword,
                  | a +0 chain mail, a wand of flame (3)
     0 | D:1      | Reached XP level 1. HP: 17/17 MP: 1/1
   267 | D:1      | Reached XP level 2. HP: 23/23 MP: 2/2
   584 | D:1      | Reached XP level 3. HP: 25/28 MP: 3/3
  1143 | D:2      | Reached skill level 1 in Invocations
  1260 | D:2      | Reached skill level 1 in Long Blades
  1260 | D:2      | Reached skill level 1 in Axes
  1260 | D:2      | Reached skill level 1 in Maces & Flails
  1260 | D:2      | Reached skill level 1 in Polearms
  1260 | D:2      | Reached skill level 1 in Staves
  1260 | D:2      | Reached skill level 1 in Slings
  1260 | D:2      | Reached skill level 1 in Bows
  1260 | D:2      | Reached skill level 1 in Crossbows
  1260 | D:2      | Reached skill level 1 in Throwing
  1260 | D:2      | Reached skill level 1 in Shields
  1260 | D:2      | Reached skill level 1 in Unarmed Combat
  1260 | D:2      | Reached skill level 1 in Spellcasting
  1606 | D:2      | Reached XP level 4. HP: 31/34 MP: 5/5
  2022 | D:3      | Noticed Terence
  2413 | D:3      | Killed Terence
  2414 | D:3      | Reached skill level 1 in Conjurations
  2414 | D:3      | Reached skill level 1 in Hexes
  2414 | D:3      | Reached skill level 1 in Summonings
  2414 | D:3      | Reached skill level 1 in Necromancy
  2414 | D:3      | Reached skill level 1 in Translocations
  2414 | D:3      | Reached skill level 1 in Transmutations
  2414 | D:3      | Reached skill level 1 in Fire Magic
  2414 | D:3      | Reached skill level 1 in Ice Magic
  2414 | D:3      | Reached skill level 1 in Air Magic
  2414 | D:3      | Reached skill level 1 in Earth Magic
  2414 | D:3      | Reached skill level 1 in Poison Magic
  2807 | D:3      | Noticed a necrophage
  2816 | D:3      | Killed a necrophage
  2817 | D:3      | Reached XP level 5. HP: 41/41 MP: 5/7
  2874 | D:3      | Found an opulent altar of Gozag.
  2886 | D:3      | Became a worshipper of Gozag Ym Sagoz the Greedy
  3012 | D:3      | Noticed a water moccasin
  3022 | D:3      | Killed a water moccasin
  3023 | D:3      | Reached XP level 6. HP: 42/47 MP: 8/8
  3263 | D:3      | Found a faded altar of an unknown god.
  3478 | D:4      | Identified the +3 dagger of Generosity {speed, rPois rF++
                  | MP+9 Str-2}
  3642 | D:4      | Noticed Sigmund
  3669 | D:4      | Killed Sigmund
  3670 | D:4      | Reached XP level 7. HP: 23/52 MP: 10/10
  4021 | D:4      | Noticed Ijyb
  4022 | D:4      | Killed Ijyb
  4171 | D:4      | Identified the +3 leather armour "Emmag" {Drain rElec rC+++
                  | Regen+ SInv}
  4515 | D:5      | Entered Level 5 of the Dungeon
  4538 | D:4      | Slain by an ice beast

Illustrated notes

Levels and vault maps discovered:
D:1:      ldierk_water_garden, layout_loops_cross, serial_glass,
          glass_columns_c, glass_columns_c, glass_columns_a, glass_columns_a,
          glass_columns_a, glass_columns_a
D:2:      layout_basic
D:3:      layout_rooms, grunt_gozag_breadcrumbs,
          shapermc_ecumenical_altar_mp_vishouse, uniq_terence
D:4:      kennysheep_big_flooded_room, layout_cave_pools, uniq_sigmund,
          uniq_ijyb
D:5:      layout_cave_pods, minmay_temple_entry_sparse_star

Skill      XL: |  1  2  3  4  5  6  7 |
---------------+----------------------+-----
Invocations    | 1 2 3 |  3.0
Long Blades    | 1 2 |  2.7
Axes           | 1 2 |  2.7
Maces & Flails | 1 2 |  2.7
Polearms       | 1 2 |  2.7
Staves         | 1 2 |  2.7
Slings         | 1 2 |  2.7
Bows           | 1 2 |  2.7
Crossbows      | 1 2 |  2.7
Throwing       | 1 2 |  2.7
Shields        | 1 2 |  2.7
Unarmed Combat | 1 2 |  2.7
Spellcasting   | 1 2 |  2.7
Conjurations   | 1 2 |  2.2
Hexes          | 1 2 |  2.2
Summonings     | 1 2 |  2.2
Necromancy     | 1 2 |  2.2
Translocations | 1 2 |  2.2
Transmutations | 1 2 |  2.2
Fire Magic     | 1 2 |  2.2
Ice Magic      | 1 2 |  2.2
Air Magic      | 1 2 |  2.2
Earth Magic    | 1 2 |  2.2
Poison Magic   | 1 2 |  2.2
Fighting       | 3 |  3.8
Short Blades   | 3 |  3.8
Dodging        | 3 |  3.8
Stealth        | 3 |  3.6
Armour         | 7 |  7.1
Evocations     | 7 |  7.1

Action                   |  1- 3 |  4- 6 |  7- 9 || total
-------------------------+-------+-------+-------++-------
Melee: Short sword       |   176 |    51 |       ||   227
       Bite              |    21 |     7 |     8 ||    36
       Punch             |     3 |       |     2 ||     5
       Trident           |       |    70 |    63 ||   133
Evoke: Wand              |       |    14 |     2 ||    16
  Use: Scroll            |       |     2 |     6 ||     8
       Potion            |       |     1 |     1 ||     2
Armor: Chain mail        |   106 |    60 |    67 ||   233
Dodge: Dodged            |    58 |    45 |    40 ||   143
